 Dungeon Crawl Stone Soup version 0.27.1-33-g824d729ab1 (webtiles) character file.

Game seed: 5404455128434043345

3211 comborobin the Protected (level 9, -2/56 (68) HPs)
             Began as a Palentonga Gladiator on Dec 27, 2021.
             Was a Follower of Okawaru.
             Slain by a wight (7 damage)
             ... on level 8 of the Dungeon.
             The game lasted 00:08:32 (9681 turns).

comborobin the Protected (Palentonga Gladiator)     Turns: 9681, Time: 00:08:32

HP:   -2/56 (68)    AC: 24    Str: 19    XL:     9   Next: 65%
MP:   9/9           EV:  8    Int:  8    God:    Okawaru [*.....]
Gold: 278           SH:  0    Dex: 14    Spells: 8/8 levels left

rFire    . . .     SeeInvis +   a - +4 quarterstaff (chaos)
rCold    . . .     Faith    +   (shield currently unavailable)
rNeg     . . .     Spirit   .   D - +0 steam dragon scales
rPois    .         Reflect  .   A - +0 helmet
rElec    .         Harm     .   i - +0 cloak
rCorr    .         Rampage  .   h - +0 pair of gloves
Will     .....                  x - +0 barding
Stlth    +.........             j - amulet of faith
HPRegen  0.18/turn              (no ring)
MPRegen  0.11/turn              (no ring)

@: heavily drained, curled up
A: large, rugged brown scales 3, see invisible, deformed body, roll 1, armoured
tail, reflexive curl
a: Rolling Charge, Renounce Religion, Heroism


You were on level 8 of the Dungeon.
You worshipped Okawaru.
Okawaru was aware of your devotion.
You visited 2 branches of the dungeon, and saw 9 of its levels.

You collected 317 gold pieces.
You spent 39 gold pieces at shops.

Inventory:

Hand Weapons
 a - a +4 quarterstaff of chaos (weapon)
 e - a +0 quarterstaff
 m - a +0 morningstar
 r - a +1 dagger of venom
 B - a +0 battleaxe
Missiles
 d - a throwing net (quivered)
 v - 4 curare-tipped darts
Armour
 b - a +0 leather armour
 c - a +0 helmet
 h - a +0 pair of gloves (worn)
 i - a +0 cloak (worn)
 l - a +0 plate armour
 x - a +0 barding (worn)
 A - a +0 helmet (worn)
 D - +0 steam dragon scales (worn)
Jewellery
 f - a ring of fire
 j - an amulet of faith (around neck)
 E - a ring of protection from cold
Wands
 q - a wand of flame (14)
Scrolls
 g - a scroll of magic mapping
 n - a scroll of teleportation
 o - 5 scrolls of identify
 p - a scroll of enchant armour {unknown}
 t - a scroll of enchant weapon {unknown}
 w - a scroll of amnesia {unknown}
 y - 2 scrolls of vulnerability {unknown}
Potions
 k - a potion of berserk rage {unknown}
 s - a potion of cancellation {unknown}
 u - 2 potions of flight
 z - 2 potions of invisibility {unknown}


   Skills:
 - Level 3.3 Fighting
 - Level 7.3 Staves
 - Level 1.3 Throwing
 - Level 9.7 Armour
 - Level 2.4 Dodging
 + Level 0.0 Invocations


You had 8 spell levels left.
You didn't know any spells.
Your spell library contained the following spells:

 Spells                   Type           Power      Damage    Failure   Level
 Sandblast                Erth           0%         2d4       41%         1
 Shock                    Conj/Air       0%         1d3       41%         1
 Passwall                 Tmut/Erth      0%         N/A       54%         2
 Gell's Gravitas          Tloc           0%         N/A       78%         3
 Lesser Beckoning         Tloc           0%         N/A       78%         3
 Swiftness                Air            0%         N/A       78%         3
 Teleport Other           Tloc           0%         N/A       78%         3
 Airstrike                Air            0%         N/A       99%         4
 Animate Dead             Necr           0%         N/A       99%         4
 Borgnjor's Vile Clutch   Necr/Erth      0%         N/A       100%        5
 Iskenderun's Battlesphe  Conj           0%         2d6       100%        5
 Lee's Rapid Deconstruct  Erth           0%         3d5*      100%        5
 Death Channel            Necr           0%         N/A       100%        6
 Iron Shot                Conj/Erth      0%         9d1       100%        6
 Spellforged Servitor     Conj/Summ      0%         N/A       100%        7


Dungeon Overview and Level Annotations

Branches:
Dungeon (8/15)             Temple (1/1) D:5
   Lair: D:8-11

Altars:
Cheibriados
Gozag
Makhleb
Nemelex Xobeh
Okawaru
Qazlal
Ru
Sif Muna
Trog
Uskayaw
Vehumet
Wu Jian
Xom
The Shining One

Shops:
D:2 !   D:7 [

Annotations:
D:5 1 runed translucent door, halfoni's ghost, novice OgBe


Innate Abilities, Weirdness & Mutations

You are completely covered in rugged brown scales. (AC +3, +7% HP)
You have supernaturally acute eyesight. (SInv)
Armour fits poorly on your strangely shaped body.
You can roll at nearby foes to attack.
You have a long armoured tail.
You curl defensively after being hit.


Message History

The wight hits you from afar with a +5 spear!
You feel drained. The wight hits you but does no damage.
You barely miss the wight.
Your tail-slap misses the wight.
The wight is heavily damaged.
The wight hits you from afar with a +3 spear of freezing!
The wight freezes you.
The wight hits you but does no damage. x2
You closely miss the wight.
Your tail-slap misses the wight.
The wight is heavily damaged.
The wight barely misses you.
The wight hits you from afar with a +5 spear.
You feel drained. The wight hits you but does no damage.
You are too injured to fight recklessly!
You closely miss the wight.
The wight is heavily damaged.
The wight hits you but does no damage. The wight barely misses you.
The wight misses you.
You are too injured to fight recklessly!
The wight hits you from afar with a +0 halberd!
You feel drained. The wight hits you but does no damage.
The wight hits you from afar with a +0 halberd.
The wight hits you but does no damage.
You closely miss the wight.
Your tail-slap misses the wight.
The wight is moderately damaged.
The wight barely misses you. The wight hits you with a +0 halberd!
* * * LOW HITPOINT WARNING * * *
You feel drained.
* * * LOW HITPOINT WARNING * * *
You barely miss the wight.
The wight is moderately damaged.
The wight hits you from afar with a +3 spear of freezing.
* * * LOW HITPOINT WARNING * * *
The wight freezes you.
* * * LOW HITPOINT WARNING * * *
The wight barely misses you.
The wight hits you from afar with a +0 halberd.
* * * LOW HITPOINT WARNING * * *
You feel drained.
The wight hits you from afar with a +0 halberd!
You die...

#......## #........
#..z...##
####z###### ###
#z...# ..# #.####
#.#######.#
#.#..zzz..#
#.#@####### #.#.#
#.#######.#.#
..[.....#.#.######
#>.............
......#.###.#####.#
#####.#.# #.# #.#†#
#.# #.#.# #.#


You could see 3 wights.

Vanquished Creatures
  A kobold demonologist (D:5)
  A polar bear (shapeshifter) (D:7)
  A wyvern (D:8)
  A steam dragon (D:7)
  A water moccasin (D:7)
  2 orc warriors
  A black bear (D:6)
  An ice beast (D:7)
  An ogre (D:5)
  A centaur (D:6)
  A kobold brigand (D:6)
  2 bullfrogs
  2 scorpions (D:7)
  A wyvern skeleton (D:7)
  5 killer bees (D:7)
  3 howler monkeys (D:7)
  11 wights
  2 bullfrog zombies
  2 centaur zombies
  3 jellies
  2 orc priests (D:6)
  Crazy Yiuf (D:2)
  A centaur skeleton (D:3)
  2 hounds
  An iguana (D:6)
  4 orc wizards
  A hound skeleton (D:4)
  Robin (D:2)
  8 adders
  A shadow imp (D:7)
  A white imp (D:7)
  An ufetubus (D:6)
  An adder skeleton (D:4)
  A worm (D:1)
  3 dart slugs
  10 orcs
  4 ball pythons
  6 endoplasms
  3 giant cockroaches
  12 goblins
  5 hobgoblins (D:2)
  15 kobolds
  3 quokkas
  3 bats
  2 frilled lizards
  A rat (D:2)
136 creatures vanquished.

Vanquished Creatures (others)
  A wizard (D:7)
1 creature vanquished.

Grand Total: 137 creatures vanquished

Notes
Turn   | Place    | Note
-------+----------+-------------------------------------------
     0 | D:1      | comborobin the Palentonga Gladiator began the quest for the
                  | Orb.
     0 | D:1      | Reached XP level 1. HP: 17/17 MP: 1/1
   306 | D:1      | Reached XP level 2. HP: 23/23 MP: 2/2
  1675 | D:2      | Reached XP level 3. HP: 7/28 MP: 3/3
  1921 | D:2      | Found Idilot's Distillery.
  1944 | D:2      | Bought a potion of lignification for 39 gold pieces
  1995 | D:2      | Noticed Robin
  2021 | D:2      | Killed Robin
  2145 | D:2      | Reached skill level 5 in Staves
  2145 | D:2      | Reached XP level 4. HP: 28/35 MP: 4/4
  2268 | D:2      | Found a runed translucent door.
  2270 | D:2      | Noticed Crazy Yiuf
  2291 | D:2      | Killed Crazy Yiuf
  3047 | D:3      | Reached XP level 5. HP: 39/40 MP: 5/5
  3245 | D:3      | Found a sacrificial altar of Ru.
  3252 | D:3      | Found a glowing golden altar of the Shining One.
  3429 | D:3      | Found a burning altar of Makhleb.
  4633 | D:5      | Entered Level 5 of the Dungeon
  4651 | D:5      | Reached XP level 6. HP: 41/47 MP: 6/6
  4693 | D:5      | Found a staircase to the Ecumenical Temple.
  4723 | D:5      | Reached skill level 1 in Armour
  4929 | D:5      | Reached skill level 2 in Armour
  4935 | D:5      | Noticed a shapeshifter
  4935 | D:5      | a howler monkey changed into a shapeshifter
  4935 | D:5      | Noticed a jumping spider
  4935 | D:5      | a shapeshifter changed into a jumping spider
  4939 | D:5      | Noticed a manticore
  4939 | D:5      | a jumping spider changed into a manticore
  5210 | D:6      | Reached skill level 3 in Armour
  5307 | D:6      | Gained mutation: You curl defensively after being hit.
                  | [Palentonga growth]
  5307 | D:6      | Reached XP level 7. HP: 46/53 MP: 7/7
  5307 | D:6      | You fall into a shaft and drop 1 floor!
  5307 | D:7      | Noticed a wizard
  5307 | D:7      | Found a bloodstained altar of Trog.
  5315 | D:7      | Killed a wizard
  5322 | D:7      | Reached skill level 4 in Armour
  5438 | D:7      | Reached skill level 5 in Armour
  5909 | D:7      | Reached XP level 8. HP: 59/59 MP: 8/8
  5923 | D:7      | Reached skill level 6 in Armour
  6222 | D:7      | Found Beinusut's Armour Boutique.
  6243 | D:7      | Reached skill level 7 in Armour
  6271 | D:7      | Reached skill level 8 in Armour
  6683 | D:7      | Reached XP level 9. HP: 42/65 MP: 9/9
  6876 | D:7      | Noticed a polar bear
  6876 | D:7      | a golden eye changed into a polar bear
  6894 | D:7      | Killed a polar bear
  7677 | D:6      | Reached skill level 9 in Armour
  8615 | D:5      | Noticed an eye of devastation
  9152 | D:5      | Noticed halfoni's ghost (novice OgBe)
  9153 | D:5      | Found a runed translucent door.
  9238 | Temple   | Entered the Ecumenical Temple
  9288 | Temple   | Became a worshipper of Warmaster Okawaru
  9357 | D:5      | Noticed a kobold demonologist
  9365 | D:5      | Killed a kobold demonologist
  9611 | D:8      | Reached * piety under Okawaru
  9681 | D:8      | Slain by a wight

Illustrated notes

Levels and vault maps discovered:
D:1:      dpeg_arrival_brainrot, layout_basic
D:2:      layout_basic, serial_shops, nicolae_shop_crystal, uniq_robin,
          uniq_crazy_yiuf_cottage
D:3:      layout_loops_cross, mainiacjoe_overflow_catwalk_spiral,
          lightli_temple_of_fire
D:4:      layout_basic, st_stairs_9
D:5:      cheibrodos_two_vegetables, layout_loops_ring, temple_statues,
          gammafunk_ghost_grave, amcnicky_mini_corridor_feature
D:6:      layout_loops_cross
D:7:      layout_basic, trog_wizard, serial_shops, nicolae_shop_crystal,
          dk_rats_in_the_wall
D:8:      layout_basic, nicolae_elyvilon_peaceful_grove, minmay_misc_feat_rugged
Temple:   eino_temple_rhombus

Skill      XL: |  1  2  3  4  5  6  7  8  9 |
---------------+----------------------------+-----
Staves         | 4 5 6 7 |  7.3
Armour         | 3 5 8 9 |  9.7
Fighting       | 3 |  3.3
Throwing       | |  1.3
Dodging        | |  2.4

Action                   |  1- 3 |  4- 6 |  7- 9 || total
-------------------------+-------+-------+-------++-------
Melee: Quarterstaff      |    63 |   130 |   224 ||   417
       Tailslap          |     6 |    14 |    31 ||    51
       Unarmed           |       |     1 |       ||     1
Throw: Throwing net      |     1 |       |     1 ||     2
  Use: Potion            |     1 |     6 |     3 ||    10
       Scroll            |       |     6 |     5 ||    11
 Stab: Held in net/web   |     1 |       |       ||     1
       Confused          |       |     1 |     1 ||     2
       Paralysed         |       |       |     4 ||     4
       Sleeping          |       |       |     1 ||     1
Armor: Leather armour    |    21 |    77 |   108 ||   206
       Skin              |    14 |       |    12 ||    26
       Steam dragon scal |       |       |    24 ||    24
Dodge: Dodged            |    17 |    61 |    76 ||   154
